 Dungeon Crawl Stone Soup version 0.23-a0-550-g7de1f8e (webtiles) character file.

1225 zishaf the Changer (level 8, -9/42 HPs)
             Began as a Vine Stalker Transmuter on Dec 9, 2018.
             Was an Initiate of Ru.
             Killed by divine providence
             ... invoked by an orc priest
              (14 damage)
             ... on level 6 of the Dungeon.
             The game lasted 00:14:22 (5366 turns).

zishaf the Changer (Vine Stalker Transmuter)        Turns: 5366, Time: 00:14:23

Health: -9/42      AC:  8    Str: 13    XL:     8   Next: 47%
Magic:  0/12       EV: 12    Int: 14    God:    Ru [......]
Gold:   231        SH:  0    Dex: 16    Spells: 10/11 levels left

rFire    . . .     SeeInvis .     - Unarmed
rCold    . . .     Gourm    .   (no shield)
rNeg     . . .     Faith    .   i - +0 ring mail
rPois    .         Spirit   +   (no helmet)
rElec    .         Reflect  .   I - +1 cloak
rCorr    .         Harm     .   e - +0 pair of gloves
MR       +....                  (no boots)
Stlth    ++........             (no amulet)
HPRegen  0.54/turn              p - ring of stealth
MPRegen  0.13/turn              (no ring)

@: no status effects
A: fangs 3, regeneration 1, magic shield, antimagic bite, no potion heal 3, rot
immunity
a: Renounce Religion


You were on level 6 of the Dungeon.
You worshipped Ru.
Ru was noncommittal.
You were not hungry.

You visited 2 branches of the dungeon, and saw 7 of its levels.

You collected 231 gold pieces.

Inventory:

Hand Weapons
 a - a +0 hunting sling
Missiles
 n - 116 arrows
 w - 108 stones (quivered)
 A - 43 sling bullets
Armour
 e - a +0 pair of gloves (worn)
 i - a +0 ring mail (worn)
 I - a +1 cloak (worn)
Jewellery
 h - an uncursed ring of fire
 p - a ring of stealth (left hand)
Wands
 E - a wand of flame (24)
 H - a wand of digging (3)
Scrolls
 f - 2 scrolls of blinking {unknown}
 g - 9 scrolls of identify {unknown}
 s - 4 scrolls of remove curse {unknown}
 t - 3 scrolls of teleportation {unknown}
 x - a scroll of magic mapping {unknown}
 z - a scroll of immolation {unknown}
 B - a scroll of amnesia {unknown}
 F - 2 scrolls of enchant weapon {unknown}
Potions
 c - 2 potions of haste {unknown}
 j - 2 potions of magic {unknown}
 k - 2 potions of degeneration {unknown}
 l - 2 potions of flight {unknown}
 q - 2 potions of agility {unknown}
 r - 4 potions of curing {unknown}
 u - a potion of berserk rage {unknown}
 v - 2 potions of lignification {unknown}
 C - a potion of brilliance {unknown}
 D - a potion of ambrosia {unknown}
 G - a potion of resistance {unknown}
Comestibles
 d - 13 rations


   Skills:
 - Level 4.0 Fighting
 + Level 3.1 Armour
 - Level 3.1 Dodging
 + Level 3.7 Unarmed Combat
 - Level 2.1 Spellcasting
 * Level 7.0 Transmutations


You had 10 spell levels left.
You knew the following spells:

 Your Spells              Type           Power        Failure   Level  Hunger
a - Beastly Appendage     Tmut           ###...       2%          1    #......

Your spell library contained the following spells:

 Spells                   Type           Power        Failure   Level  Hunger
 Sticks to Snakes         Tmut           ###.....     4%          2    ###....
 Spider Form              Tmut/Pois      ##........   34%         3    ###....
 Magic Dart               Conj           #...         43%         1    #......
 Searing Ray              Conj           #.....       58%         2    ###....
 Blade Hands              Tmut           ###.......   58%         5    ######.
 Ice Form                 Ice/Tmut       ##......     75%         4    #####..
 Dazzling Spray           Conj/Hex       #.....       82%         3    ###....
 Force Lance              Conj/Tloc      #.......     99%         4    #####..
 Fulminant Prism          Conj/Hex       #.........   99%         4    #####..
 Iskenderun's Mystic Bla  Conj           #.......     99%         4    #####..


Dungeon Overview and Level Annotations

Branches:
Dungeon (6/15)             Temple (1/1) D:5

Altars:
Ashenzari
Dithmenos
Elyvilon
Fedhas
Gozag
Hepliaklqana
Kikubaaqudgha
Makhleb
Nemelex Xobeh
Okawaru
Qazlal
Ru
Sif Muna
Trog
Uskayaw
Vehumet
Wu Jian
Xom
Yredelemnul
Zin
The Shining One

Annotations:
D:5 exclusion: downstairs


Innate Abilities, Weirdness & Mutations

You have razor-sharp teeth.
Your natural rate of healing is unusually fast.
When hurt, damage is shared between your health and your magic reserves.
Your bite disrupts and absorbs the magic of your enemies.
Potions cannot restore your health.
You are immune to rotting.


Message History

Beogh smites you!
The orc priest hits you but does no damage.
You closely miss the orc priest. You punch the orc priest.
Your bite misses the orc priest.
The orc priest is heavily wounded.
The orc priest invokes the aid of Beogh against you.
Beogh smites you! The orc priest hits you.
You hit the orc priest. Your punch misses the orc priest.
The orc priest is severely wounded.
The orc priest mumbles some strange prayers to Beogh against you.
Beogh smites you!
* * * LOW HITPOINT WARNING * * *
The orc priest calls down the wrath of Beogh upon you.
Beogh smites you!
* * * LOW HITPOINT WARNING * * *
The orc priest looks encouraged for a moment.
There is an escape hatch in the ceiling here.
The orc priest calls down the wrath of Beogh upon you.
Beogh smites you!
You die...

##########################
..o..o.o.oo...............
############o##########...
#................###...
#.....@o....####.#.+...
#...........# #.#.#...
##...........# #.#.####
.............# #.......
#............######.#'##
#.............##........
#.........>.............
#.............##........
###.###+#.########........


You could see an orc warrior and an orc priest.

Vanquished Creatures
  An ice beast (D:6)
  A sky beast (D:5)
  2 ogres (D:4)
  A centaur (D:5)
  A bullfrog (D:6)
  A scorpion (D:5)
  A howler monkey (D:4)
  A bullfrog zombie (D:6)
  A jelly (D:5)
  Jessica (D:2)
  2 bullfrog skeletons
  2 iguanas
  2 orc wizards
  6 worker ants
  A hound zombie (D:5)
  A hound skeleton (D:5)
  7 adders
  3 gnolls
  A howler monkey skeleton (D:5)
  A shadow imp (D:5)
  3 oozes
  An adder skeleton (D:5)
  2 worms (D:2)
  3 dart slugs
  2 leopard geckos
  15 orcs
  3 ball pythons
  4 giant cockroaches
  A goblin (D:2)
  10 hobgoblins
  7 jackals
  2 quokkas (D:5)
  A ball python skeleton (D:4)
  11 bats
  11 frilled lizards
  7 kobolds
  A quokka skeleton (D:4)
  6 rats
127 creatures vanquished.

Notes
Turn   | Place    | Note
-------+----------+-------------------------------------------
     0 | D:1      | zishaf the Vine Stalker Transmuter began the quest for the
                  | Orb.
     0 | D:1      | Reached XP level 1. HP: 9/9 MP: 4/4
    23 | D:1      | Reached skill level 1 in Fighting
   382 | D:1      | Reached XP level 2. HP: 12/14 MP: 4/6
  1074 | D:2      | Reached XP level 3. HP: 17/18 MP: 7/7
  1168 | D:2      | Reached skill level 3 in Transmutations
  1502 | D:2      | Gained mutation: Your natural rate of healing is unusually
                  | fast. [Vine Stalker growth]
  1502 | D:2      | Reached XP level 4. HP: 21/23 MP: 8/8
  1655 | D:2      | Noticed Jessica
  1667 | D:2      | Killed Jessica
  1896 | D:3      | Found a shimmering altar of Xom.
  1955 | D:3      | Reached XP level 5. HP: 26/26 MP: 9/9
  2118 | D:3      | Reached skill level 4 in Transmutations
  2593 | D:4      | Reached XP level 6. HP: 30/32 MP: 8/10
  2630 | D:4      | Reached skill level 1 in Armour
  2934 | D:4      | Reached skill level 5 in Transmutations
  2934 | D:4      | Reached XP level 7. HP: 16/36 MP: 6/11
  3276 | D:4      | Found a stormy altar of Qazlal.
  3886 | D:5      | Entered Level 5 of the Dungeon
  4120 | D:5      | Reached skill level 6 in Transmutations
  4216 | D:5      | Found a staircase to the Ecumenical Temple.
  4247 | Temple   | Entered the Ecumenical Temple
  4357 | Temple   | Became a worshipper of Ru the Awakened
  4584 | D:5      | Gained mutation: You have razor-sharp teeth. [Vine Stalker
                  | growth]
  4584 | D:5      | Reached XP level 8. HP: 28/42 MP: 8/12
  4911 | D:6      | Found an opulent altar of Gozag.
  5324 | D:6      | Reached skill level 7 in Transmutations
  5358 | D:6      | HP: 1/42 [orc priest/divine providence (11)]
  5366 | D:6      | Killed from afar by an orc priest

Vault maps used:
D:1:      dpeg_arrival_tiny_a
D:2:      uniq_jessica
D:3:      first_ration, minivault_14, xom_teletrap_fun
D:4:      nicolae_qazlal_eye_of_the_storm
D:5:      minmay_temple_entry_overgrown, hangedman_minor_gate_pass
D:6:      grunt_gozag_breadcrumbs
Temple:   kilobyte_greek_temple

Skill      XL: |  1  2  3  4  5  6  7  8 |
---------------+-------------------------+-----
Fighting       | 1 2 3 4 |  4.0
Dodging        | 2 3 |  3.1
Transmutations | 3 4 5 6 7 |  7.0
Armour         | 1 2 3 |  3.1
Unarmed Combat | |  3.7
Spellcasting   | |  2.1

Action                   |  1- 3 |  4- 6 |  7- 9 || total
-------------------------+-------+-------+-------++-------
Melee: Unarmed           |   103 |   271 |   301 ||   675
       Bite              |    18 |    78 |    90 ||   186
       Punch             |       |     4 |     6 ||    10
 Fire: Hunting sling     |       |    16 |    35 ||    51
 Stab: Sleeping          |     1 |     3 |     2 ||     6
  Eat: Chunk             |     2 |     5 |     8 ||    15
Armor: Robe              |     3 |       |       ||     3
       Ring mail         |    22 |    73 |   109 ||   204
Dodge: Dodged            |    63 |   115 |   160 ||   338

Table legend:
 A = Non-vault XP
 B = Vault XP
 C = Vault XP percentage of total XP
 D = Non-vault monster count
 E = Vault monster count
 F = Vault count percentage of total count
                 A         B        C        D         E       F
            +---------+---------+-------+---------+---------+-------
      Total |    1553 |     198 |  11.3 |     124 |       3 |   2.4
            +---------+---------+-------+---------+---------+-------
        D:1 |      23 |       0 |   0.0 |      11 |       0 |   0.0
        D:2 |      77 |      37 |  32.5 |      29 |       1 |   3.3
        D:3 |     184 |       0 |   0.0 |      34 |       0 |   0.0
        D:4 |     565 |       0 |   0.0 |      24 |       0 |   0.0
        D:5 |     401 |     161 |  28.6 |      21 |       2 |   8.7
        D:6 |     303 |       0 |   0.0 |       5 |       0 |   0.0
            +---------+---------+-------+---------+---------+-------
